omghax, neutral male scurrid Tourist ---------------------------------------- --------------------------------- |..........................o............ ...................... ......./| |....j.....................oo.............. ..............BB....`........| |........................ao..o%.....+........ `...............B..e........| |.......................vaYoW..............?..............B...............| |......................a..ol...................%..........................| |..a..a.................ao.o.<......................qq....................| |.a.a.a.................t.................................................| |...aa..................a..o...........q.%...........q........Q...........| |......a................a.a.........................q..........Q..B......k| |..a.a.....................a.q................................@...........| |a............................................................f...........| |...q.........%........................................................Y..| |......................n......Q%......................[...................| |.............................[.........>...............l.................| |.........................................................................| |.(.......................).f..........g.....d.......................%....| --------------------------------------------------------------------------- omghax the Rambler Experience level: 1 Strength: 13 Dexterity: 10 Constitution: 14 Intelligence: 14 Wisdom: 7 Charisma: 17 Health: 0(9) Energy: 2(2) Def: 0 Gold: 770 Moves: 34 Dungeon seed: GJAxgzJ4D18pjV3u Game ID: omghax_1498611435 Your Inventory: Coins $ - 770 gold pieces Weapons a - 36 uncursed +2 darts (in quiver) Armor e - an uncursed +0 Hawaiian shirt (being worn) Comestibles b - an uncursed fortune cookie c - 2 uncursed food rations d - 4 uncursed tripe rations f - an uncursed egg g - an uncursed tin of kobold meat h - an uncursed carrot Scrolls j - 4 uncursed scrolls of magic mapping Potions i - 2 uncursed potions of extra healing Wands m - an uncursed wand of secret door detection (0:15) Tools k - an uncursed expensive camera (0:51) l - an uncursed credit card n - an uncursed oil lamp (0:1403) Spells and supernatural/magical abilities: Name Level Category Fail Memory W - pray for help -- divine ? -- Your skills at the end: Miscellaneous Skills wands [Basic] Weapon Skills dart [Basic] Spellcasting Skills Final Attributes: You were devoutly aligned. You had infravision. You were very stealthy. You are dead. Vanquished creatures: a newt a grid bug 2 creatures vanquished. Voluntary challenges: You went without food. You did not adorn yourself with jewelry or accessories. You did not cause conflict. You were not invisible. You did not have reflection. You were not displaced. You were an atheist. You never hit with a wielded weapon. You were a pacifist. You did not use tools. You did not use plumbed fixtures. You did not drink any magical draughts. You were illiterate. You never genocided any monsters. You never polymorphed an object. You never changed form. You used no wishes. You never split a pudding. You never wrote Elbereth's name. You never violated your personal moral code. Dungeon overview: The Dungeons of Doom: levels 1 to 14 Level 1 a long staircase Level 2 Level 3 Level 4 Level 5 an altar to Blind Io Level 6 Level 7 Level 8 Level 9 Level 10 Level 11 Level 12 Level 13 Level 14 <- You were here History has recorded: On T:1 you entered the Dungeons of Doom to retrieve the Amulet of Yendor! On T:4 you reached level 2 of The Dungeons of Doom. On T:7 you reached level 3 of The Dungeons of Doom. On T:9 you reached level 4 of The Dungeons of Doom. On T:11 you reached level 5 of The Dungeons of Doom. On T:13 you reached level 6 of The Dungeons of Doom. On T:16 you reached level 7 of The Dungeons of Doom. On T:18 you reached level 8 of The Dungeons of Doom. On T:20 you reached level 9 of The Dungeons of Doom. On T:22 you reached level 10 of The Dungeons of Doom. On T:26 you reached level 11 of The Dungeons of Doom. On T:28 you reached level 12 of The Dungeons of Doom. On T:31 you reached level 13 of The Dungeons of Doom. On T:33 you reached level 14 of The Dungeons of Doom. Score breakdown: Gold: 0 ( 0 points) Experience: 1 level ( 0 points) Exploration: 14 levels ( 390 points) Discoveries: 0 items ( 0 points) Variety of kills: 2 monsters ( 100 points) Major goal: (nothing yet) ( 0 points) Survival: died (score multiplied by 3) Total score: 1470 Latest messages: Look for a ...ic transporter. You couldn't quite make out that last message. You start digging downward. The kitten picks up a potion. You continue digging downward. You dig a pit in the floor. The kitten drops a potion. You continue digging downward. You dig a hole through the floor. You fall through... You start digging downward. You continue digging downward. You dig a pit in the floor. You continue digging downward. You dig a hole through the floor. You fall through... The Green-elf wields a runed broadsword! The Green-elf wields a runed bow! You start digging downward. The Green-elf swings her runed broadsword at you. The Green-elf hacks you! You die... Final status: Aloha omghax the Tourist, killed by a Green-elf... You died in The Dungeons of Doom on dungeon level 14 with 1470 points, and 770 pieces of gold, after 34 moves. You were level 1 with a maximum of 9 hit points when you died.